 Dungeon Crawl Stone Soup version 0.01-2199-g510b736d67 (webtiles) character file.

Game seed: 13524786904935927364, levelgen mode: deterministic

93 protoss039 the Adept (level 4, -1/26 HPs) Deep Elf Priest. Began on July 25, 2020. Was a Believer of Sif Muna. Splashed by a jelly's acid (5 damage) ... on level 2 of the Dungeon. The game lasted 00:07:01 (1200 turns).

protoss039 the Adept (Deep Elf Priest)              Turns: 1200, Time: 00:07:02

Health: -1/26      AC:  2    Str:  7    XL:     4 ^: 62
Magic:  9/9        EV: 10    Int: 22    God:    Sif Muna [2* [55]]
Gold:   77         SH:  0    Dex: 12    Spells: 3/3 levels left

rFire    . . .     Vision   .     - Unarmed
rCold    . . .     Gourm    .     - Unarmed
rNeg     . . .     Faith    .   h - +0 scale mail
rPois    .         Spirit   .   (no helmet)
rElec    .         Reflect  .   d - scarf {repulsion}
rCorr    .         Harm     .   (no gloves)
MR       .....                  (no boots)
Stlth    +.........             (no amulet)
HPRegen  0.18/turn              (no ring)
MPRegen  0.19/turn              (no ring)

@: corroded, repel missiles
A: no striking features
a: Divine Energy, Renounce Religion


You were on level 2 of the Dungeon.
You worshipped Sif Muna.
Sif Muna was pleased with you.
You were hungry.

You visited 1 branch of the dungeon, and saw 2 of its levels.
You also visited: Temple.

You collected 77 gold pieces.

Inventory:

Weapons
 i - a +0 dagger
 l - a +0 hatchet
Armour
 a - a +0 robe
 d - a scarf of repulsion (worn)
 f - a +0 leather armour
 h - a +0 scale mail (worn)
Scrolls
 e - a scroll of teleportation
Potions
 c - a potion of heal wounds
 g - 2 potions of curing
 j - a potion of ambrosia
 k - a potion of invisibility
 m - a potion of mutation
Comestibles
 b - 3 rations


   Skills:
 * Level 2.1 Fighting
 - Level 3.0 Dodging
 - Level 3.0 Stealth
 - Level 3.0 Unarmed Combat
 - Level 4.1 Invocations


You had 3 spell levels left.
You didn't know any spells.
Your spell library was empty.

Dungeon Overview and Level Annotations

Branches:
Dungeon (2/8)

Altars:


Message History

You hit the jelly (2).
Your hands burn!
The jelly is heavily wounded. (9/16) HP The jelly hits you but does no damage.
You hit the jelly (2).
Your hands burn!
The jelly is heavily wounded. (7/16) HP You hit the jelly (1).
Your hands burn!
The jelly is severely wounded. (6/16) HP Unknown command.
You hit the jelly (1). The acid corrodes you!
Your hands burn!
* * * LOW HITPOINT WARNING * * *
The jelly is severely wounded. (5/16) HP You hit the jelly but do no damage.
Your hands burn!
* * * LOW HITPOINT WARNING * * *
The jelly is severely wounded. (5/16) HP The jelly barely misses you (0).
A big kobold comes into view.
Unknown command.
The big kobold shouts!
You hit the jelly but do no damage.
Your hands burn!
You die...

#.b≈≈≈.?
#≈.≈≈..#
#.≈≈≈≈.# #
#≈≈b≈≈≈# ≈.
#.≈≈≈≈.# K.K#
#≈....≈#
#≈...
##.≈≈.≈.#
#...#≈<≈≈≈≈≈#
#..@.≈≈≈≈.#
#.J#≈≈≈≈...≈
#?.##≈≈≈≈≈.#≈
##. #≈≈≈≈≈≈#
# ≈.≈≈≈..#
≈>.≈≈≈.≈.
≈≈.≈.≈≈PP
......P


You could see a big kobold, a jelly and a kobold.

Vanquished Creatures
  6 cinder newts (D:1)
  3 oozes (D:1)
  4 dart slugs (D:1)
  5 giant cockroaches (D:1)
  4 goblins (D:1)
  A hobgoblin (D:1)
  3 kobolds (D:1)
  5 bats (D:1)
  2 rats (D:1)
33 creatures vanquished.

Notes
Turn   | Place    | Note
-------+----------+-------------------------------------------
     0 | Start Te | protoss039 the Deep Elf Priest began the quest for the Orb.
     0 | Start Te | Reached XP level 1. HP: 10/10 MP: 5/5
     0 | Start Te | Found a sparkling altar of Nemelex Xobeh.
     1 | Start Te | Became a worshipper of Sif Muna the Loreminder
     1 | Start Te | Reached * piety under Sif Muna
     1 | Start Te | Reached ** piety under Sif Muna
   194 | D:1      | Reached XP level 2. HP: 15/15 MP: 7/7
   389 | D:1      | Reached XP level 3. HP: 17/19 MP: 8/8
   562 | D:1      | Reached skill level 1 in Fighting
   742 | D:1      | Reached XP level 4. HP: 26/26 MP: 9/9
  1200 | D:2      | Noticed a big kobold
  1200 | D:2      | Splashed by a jelly's acid

Levels and vault maps discovered:
D:1:      giann_forest_graveyard, layout_basic, first_ration, minmay_tripent
D:2:      layout_sewer

Skill      XL: |  1  2  3  4 |
---------------+-------------+-----
Unarmed Combat | 3 |  3.0
Dodging        | 3 |  3.0
Stealth        | 3 |  3.0
Fighting       | 1 2 |  2.1
Invocations    | |  4.1

Action                   |  1- 3 |  4- 6 || total
-------------------------+-------+-------++-------
Melee: Unarmed           |   291 |    74 ||   365
       Mace              |     4 |       ||     4
  Use: Scroll            |     1 |       ||     1
  Eat: Chunk             |       |     1 ||     1
Armor: Robe              |    17 |       ||    17
       Scale mail        |    10 |     9 ||    19
Dodge: Dodged            |    83 |    13 ||    96
       Deflected         |       |     1 ||     1
